 Dungeon Sprint DCSS version 0.27-a0-1513-g2aaa0cc67b (webtiles) character file.

Game seed: 9339860179797953661

6668 mhtbhm the Severer (level 10, -4/101 HPs)
             Began as a Minotaur Fighter on July 10, 2021.
             Was the Champion of Qazlal.
             Slain by a red devil (13 damage)
             ... in the Dungeon (Sprint VII: "The Pits").
             The game lasted 00:02:27 (1596 turns).

mhtbhm the Severer (Minotaur Fighter)               Turns: 1596, Time: 00:02:28

Health: -4/101     AC: 17    Str: 27    XL:     10   Next: 73%
Magic:  9/9        EV: 10    Int:  8    God:    Qazlal [******]
Gold:   0          SH: 22    Dex: 10    Spells: 9/9 levels left

rFire    + . .     SeeInvis .   a - +2 war axe (vorpal)
rCold    . . .     Faith    .   c - +0 kite shield
rNeg     . . .     Spirit   .   b - +4 chain mail
rPois    .         Reflect  .   (helmet restricted)
rElec    .         Harm     .   (no cloak)
rCorr    .         Rampage  .   (no gloves)
Will     .....     NoTele   +   (no boots)
Stlth    ..........             (no amulet)
HPRegen  0.26/turn              p - +3 ring of strength
MPRegen  0.11/turn              n - +3 ring of intelligence

@: protected from fire, repel missiles
A: horns 2, retaliatory headbutt
a: Renounce Religion, Upheaval, Elemental Force, Disaster Area


You were in the Dungeon.
You worshipped Qazlal.
Qazlal was exalted by your worship.
You visited 1 branch

Inventory:

Hand Weapons
 a - a +2 vorpal war axe (weapon)
Armour
 b - a +4 chain mail (worn)
 c - a +0 kite shield (worn)
Jewellery
 n - a +3 ring of intelligence (right hand)
 p - a +3 ring of strength (left hand)
Scrolls
 j - a scroll of blinking
 l - 5 scrolls of amnesia
 m - a scroll of summoning
Potions
 d - 2 potions of might
 e - 6 potions of curing
 f - 4 potions of heal wounds
 g - 3 potions of haste
 h - 4 potions of magic
 i - 2 potions of berserk rage
 k - 2 potions of invisibility
 o - a potion of brilliance
 q - a potion of resistance
 r - a potion of mutation


   Skills:
 + Level 13.4 Fighting
 + Level 16.6 Axes
 + Level 14.6 Armour
 + Level 2.9 Dodging
 + Level 1.3 Stealth
 + Level 15.5 Shields


You had 9 spell levels left.
You didn't know any spells.
Your spell library was empty.

Dungeon Overview and Level Annotations

Branches:
Dungeon (1/1)

Altars:
Ashenzari
Cheibriados
Dithmenos
Elyvilon
Fedhas
Gozag
Hepliaklqana
Kikubaaqudgha
Makhleb
Nemelex Xobeh
Okawaru
Qazlal
Ru
Sif Muna
Trog
Uskayaw
Vehumet
Wu Jian
Xom
Yredelemnul
Zin
The Shining One
Beogh
Jiyva
Lugonu


Innate Abilities, Weirdness & Mutations

You have a pair of horns on your head.
You reflexively headbutt those who attack you in melee.


Message History

You chop one of the six-headed hydra's heads off!
The five-headed hydra grows two more!
You hit the seven-headed hydra.
The seven-headed hydra is heavily wounded.
The seven-headed hydra bites you! The seven-headed hydra bites you.
The seven-headed hydra bites you but does no damage. x2
You block the seven-headed hydra's attack. x2
The seven-headed hydra bites you but does no damage.
You block the red devil's attack.
You slice one of the seven-headed hydra's heads off!
The six-headed hydra grows two more!
You slash the eight-headed hydra! You headbutt the eight-headed hydra!
The eight-headed hydra is severely wounded.
You block the eight-headed hydra's attack.
The eight-headed hydra completely misses you.
You block the eight-headed hydra's attack. x2
The eight-headed hydra bites you but does no damage.
You block the eight-headed hydra's attack.
The eight-headed hydra bites you but does no damage.
The eight-headed hydra closely misses you.
Unknown command.
Unknown command.
You slice one of the eight-headed hydra's heads off!
The seven-headed hydra grows two more!
You hit the nine-headed hydra. You headbutt the nine-headed hydra.
The nine-headed hydra is heavily wounded.
You block the red devil's attack.
You lop one of the nine-headed hydra's heads off!
The eight-headed hydra grows two more!
You slash the ten-headed hydra!
The ten-headed hydra is severely wounded.
The ten-headed hydra bites you but does no damage.
You block the ten-headed hydra's attack. x4
The ten-headed hydra bites you!
* * * LOW HITPOINT WARNING * * *
The ten-headed hydra closely misses you.
The ten-headed hydra bites you!
* * * LOW HITPOINT WARNING * * *
You block the ten-headed hydra's attack.
The ten-headed hydra closely misses you.
The red devil hits you from afar with a +0 trident!
You die...

#))#####'#####''#################
#))##.......##''#
#))##.......##..##
#[.##.......##...##
#'###...<...###...##+##.
...##.......# ##††......
...##.......###..###+###
#####.......##.°##.....#
#..###########.○@DJ.....
#.############..##.....#
#.#....#...[###4.# #+###
#)#....#..[[# ##... #.'.)..'..))#
..## #'#†...#..))# .##
'.#....#..))# ## #############


You could see a ten-headed hydra, a red devil and an endoplasm.

Vanquished Creatures
  Aizul (D)
  2 lindwurms (D)
  An orc knight (D)
  2 black mambas (D)
  A cane toad (D)
  An efreet (D)
  A hellwing (D)
  A wind drake (D)
  A tyrant leech (D)
  Grinder (D)
  A ynoxinul (D)
  A redback (D)
  A steam dragon (D)
  2 wargs (D)
  5 vampire mosquitoes (D)
  A floating eye (D)
  A small abomination (D)
  4 orc warriors (D)
  A bullfrog (D)
  A hound (D)
  2 orc priests (D)
  A jelly (D)
  An iron imp (D)
  2 orc wizards (D)
  3 river rats (D)
  7 orcs (D)
  A giant cockroach (D)
  A goblin (D)
  2 kobolds (D)
  2 quokkas (D)
  A frilled lizard (D)
  2 quokka skeletons (D)
  2 rats (D)
57 creatures vanquished.

Notes
Turn   | Place    | Note
-------+----------+-------------------------------------------
     0 | D        | mhtbhm the Minotaur Fighter began the quest for the Orb.
     0 | D        | Reached XP level 1. HP: 19/19 MP: 0/0
    19 | D        | Found a bloodstained altar of Trog.
    19 | D        | Found a shimmering blue altar of Sif Muna.
    19 | D        | Found a viscous altar of Jiyva.
    19 | D        | Found a hazy altar of Hepliaklqana.
    19 | D        | Found an opulent altar of Gozag.
    21 | D        | Found a glowing golden altar of the Shining One.
    21 | D        | Found a glowing silver altar of Zin.
    21 | D        | Found a basalt altar of Yredelemnul.
    21 | D        | Found a shimmering altar of Xom.
    21 | D        | Found an ornate altar of the Wu Jian Council.
    21 | D        | Found a sacrificial altar of Ru.
    21 | D        | Found a stormy altar of Qazlal.
    21 | D        | Found an iron altar of Okawaru.
    21 | D        | Found a sparkling altar of Nemelex Xobeh.
    21 | D        | Found a burning altar of Makhleb.
    21 | D        | Found a blossoming altar of Fedhas.
    21 | D        | Found a white marble altar of Elyvilon.
    21 | D        | Found a shadowy altar of Dithmenos.
    21 | D        | Found a snail-covered altar of Cheibriados.
    23 | D        | Found a radiant altar of Vehumet.
    23 | D        | Found a corrupted altar of Lugonu.
    25 | D        | Found an ancient bone altar of Kikubaaqudgha.
    25 | D        | Found a hide-covered altar of Uskayaw.
    25 | D        | Found a broken altar of Ashenzari.
    36 | D        | Became a worshipper of Qazlal Stormbringer
    73 | D        | Noticed a floating eye
    75 | D        | Paralysed by a floating eye for 3 turns
    79 | D        | Killed a floating eye
    80 | D        | Reached skill level 4 in Axes
    80 | D        | Reached XP level 2. HP: 26/31 MP: 1/1
    80 | D        | Reached XP level 3. HP: 32/38 MP: 2/2
    80 | D        | Reached XP level 4. HP: 38/45 MP: 3/3
   130 | D        | Reached * piety under Qazlal
   143 | D        | Reached ** piety under Qazlal
   221 | D        | Noticed Grinder
   223 | D        | Noticed a bullfrog
   226 | D        | Killed Grinder
   226 | D        | Reached *** piety under Qazlal
   227 | D        | Reached skill level 6 in Axes
   227 | D        | Reached XP level 5. HP: 57/57 MP: 4/4
   227 | D        | Reached XP level 6. HP: 63/63 MP: 5/5
   228 | D        | Reached **** piety under Qazlal
   232 | D        | Reached skill level 7 in Axes
   239 | D        | Reached skill level 10 in Armour
   240 | D        | Reached ***** piety under Qazlal
   241 | D        | Reached skill level 8 in Axes
   340 | D        | Reached skill level 10 in Shields
   340 | D        | Reached XP level 7. HP: 70/71 MP: 6/6
   354 | D        | Noticed a lindwurm
   375 | D        | Killed a lindwurm
   376 | D        | Reached skill level 10 in Fighting
   376 | D        | Reached skill level 10 in Axes
   387 | D        | Reached XP level 8. HP: 45/81 MP: 7/7
   555 | D        | Reached skill level 11 in Axes
   713 | D        | Reached ****** piety under Qazlal
   719 | D        | Noticed a black mamba
   720 | D        | Noticed a black mamba
   723 | D        | Killed a black mamba
   724 | D        | Reached skill level 12 in Axes
   727 | D        | Killed a black mamba
   728 | D        | Reached XP level 9. HP: 89/90 MP: 8/8
   730 | D        | Noticed a hellwing
   738 | D        | Killed a hellwing
   739 | D        | Reached skill level 13 in Axes
   745 | D        | Noticed an efreet
   748 | D        | Noticed an orc knight
   753 | D        | Killed an efreet
   760 | D        | Reached skill level 1 in Dodging
   763 | D        | Reached skill level 14 in Axes
   764 | D        | Killed an orc knight
  1099 | D        | Noticed Aizul
  1100 | D        | Noticed a cane toad
  1108 | D        | Killed a cane toad
  1120 | D        | Killed Aizul
  1121 | D        | Reached skill level 15 in Axes
  1121 | D        | Reached skill level 1 in Stealth
  1121 | D        | Reached XP level 10. HP: 11/100 MP: 9/9
  1456 | D        | Reached skill level 16 in Axes
  1456 | D        | Reached skill level 15 in Shields
  1582 | D        | Noticed a lindwurm
  1582 | D        | Noticed a four-headed hydra
  1590 | D        | Killed a lindwurm
  1596 | D        | Slain by a red devil

Illustrated notes

Levels and vault maps discovered:
D:        pitsprint [storerooms_1, entrance_room_1, metal_vault_5, armoury_3,
          mini_pit_1, grid_room_1, main_hall_1, silver_pit, the_coven_1,
          the_vestibule_1, steel_vault_3, golden_pit, hallway_of_sentries,
          crystal_vault_6, iron_vault_2, final_vault]

Skill      XL: |  1  2  3  4  5  6  7  8  9 10 |
---------------+-------------------------------+-----
Fighting       | 6 9 10 11 12 13 | 13.4
Armour         | 7 9 10 11 12 14 | 14.6
Shields        | 6 9 10 11 13 14 15 | 15.5
Axes           | 4 6 8 10 12 15 16 | 16.6
Dodging        | 2 |  2.9
Stealth        | 1 |  1.3

Action                   |  1- 3 |  4- 6 |  7- 9 | 10-12 || total
-------------------------+-------+-------+-------+-------++-------
Melee: Hand axe          |     3 |    29 |    35 |       ||    67
       War axe           |     2 |       |    60 |    41 ||   103
       Headbutt          |     1 |     6 |    22 |    11 ||    40
  Use: Potion            |       |     1 |     3 |     2 ||     6
Armor: Scale mail        |     1 |       |       |       ||     1
       Plate armour      |       |     8 |    18 |       ||    26
       Chain mail        |       |       |    18 |    12 ||    30
Dodge: Dodged            |       |     5 |    17 |    11 ||    33
       Repelled          |       |       |     1 |       ||     1
Block: Kite shield       |     2 |    18 |    85 |    55 ||   160

Table legend: (Time is in decaauts)
 A = Elapsed time spent in this place.
 B = Non-inter-level travel time spent in this place.
 C = Inter-level travel time spent in this place.
 D = Time resting spent in this place.
 E = Time spent auto-exploring this place.
 F = Levels seen in this place.
 G = Mean time per level.
                   A        B        C        D        E       F      G
               +--------+--------+--------+--------+--------+-----+--------+
         Total |   1582 |   1582 |      0 |    941 |     40 |   1 | 1582.0 |
       Dungeon |   1582 |   1582 |      0 |    941 |     40 |   1 | 1582.0 |
               +--------+--------+--------+--------+--------+-----+--------+

Top non-repeatable levels by time:
       D: 1582 daAuts
